 Dungeon Crawl Stone Soup version 0.28.0 (webtiles) character file.

Game seed: 3501311641461032781

287 Hasart the Cudgeller (level 5, -1/45 HPs)
             Began as a Demigod Fighter on Feb 9, 2022.
             Slain by Robin (2 damage)
             ... on level 3 of the Dungeon.
             The game lasted 00:03:19 (2259 turns).

Hasart the Cudgeller (Demigod Fighter)              Turns: 2259, Time: 00:03:21

Health: -1/45      AC:  8    Str: 17    XL:     5   Next: 81%
Magic:  0/7        EV: 10    Int: 10    God:
Gold:   86         SH:  5    Dex: 17    Spells: 4/4 levels left

rFire   . . .      SeeInvis .   a - +0 flail
rCold   . . .      Faith    .   c - +0 buckler
rNeg    . . .      Spirit   +   b - +0 scale mail
rPois   .          Reflect  .   h - +0 helmet
rElec   .          Harm     .   (no cloak)
rCorr   .          Rampage  .   (no gloves)
Will    .....                   (no boots)
Stlth   ..........              j - amulet of guardian spirit
HPRegen 0.15/turn               (no ring)
MPRegen 0.10/turn               (no ring)

@: unable to read
A: high MP 1, forlorn, divine attributes, inability to read while threatened
a: no special abilities


You were on level 3 of the Dungeon.
You visited 1 branch of the dungeon, and saw 3 of its levels.

You collected 86 gold pieces.

Inventory:

Hand Weapons
 a - a +0 flail (weapon)
Armour
 b - a +0 scale mail (worn)
 c - a +0 buckler (worn)
 d - a +2 robe of fire resistance
 h - a +0 helmet (worn)
Jewellery
 j - an amulet of guardian spirit (around neck)
Scrolls
 f - 2 scrolls of magic mapping {unknown}
 k - a scroll of immolation {unknown}
 l - 3 scrolls of identify {unknown}
Potions
 e - a potion of flight {unknown}
 g - a potion of berserk rage {unknown}


   Skills:
 + Level 3.5 Fighting
 * Level 3.6 Maces & Flails
 + Level 3.4 Armour
 + Level 2.0 Dodging
 + Level 3.4 Shields


You had 4 spell levels left.
You didn't know any spells.
Your spell library was empty.

Dungeon Overview and Level Annotations

Branches:
Dungeon (3/15)

Annotations:
D:3 Robin


Innate Abilities, Weirdness & Mutations

You have an increased reservoir of magic. (+10% MP)
You shall have no god before yourself.
Your divine heritage dramatically boosts your attributes as you level up.
You sometimes lose the ability to read scrolls when taking damage.


Message History

* * * LOW HITPOINT WARNING * * *
The hobgoblin closely misses you. The goblin hits you but does no damage.
Robin closely misses you. You block the goblin's attack. The goblin misses you.
The hobgoblin barely misses you. The bat hits you but does no damage.
The goblin hits you with a +0 dagger.
* * * LOW HITPOINT WARNING * * *
The hobgoblin hits you but does no damage.
You barely miss the hobgoblin.
The hobgoblin is moderately wounded.
The bat closely misses you. Robin throws the goblin at you!
The goblin hits you with a +0 club.
* * * LOW HITPOINT WARNING * * *
The goblin misses you. The goblin completely misses you.
You block the hobgoblin's attack. The hobgoblin barely misses you.
The goblin hits you but does no damage. You block Robin's attack.
The goblin barely misses you. x2
You closely miss the hobgoblin.
The hobgoblin is moderately wounded.
The hobgoblin no longer looks unusually strong.
The goblin barely misses you. You block the hobgoblin's attack.
The hobgoblin closely misses you. The goblin misses you.
Robin roars a battlecry!
The hobgoblin goes into a battle-frenzy!
The goblin hits you with a +0 club.
* * * LOW HITPOINT WARNING * * *
The goblin closely misses you.
You sock the hobgoblin!
You kill the hobgoblin!
The goblin no longer looks unusually strong.
The goblin closely misses you. The hobgoblin hits you.
* * * LOW HITPOINT WARNING * * *
You block the goblin's attack. Robin misses you.
The goblin hits you but does no damage. The goblin misses you.
You sock the goblin!
You kill the goblin!
The goblin no longer looks unusually strong.
The hobgoblin barely misses you. You block the goblin's attack.
Robin says, "Duck!"
Robin hits you from afar with a +1 trident of protection.
You die...

### # #.. # ###..#+###
# .........# .........#
.........# .........#
......ggg#######
......)@gb....?#
.####gg##)####.# ###
##########. #.# ..#
#........#. #.# # #.#
#........#.##.##.# #.#
#........#.......#
#.####........####.####
.......###.#######.#
..####.#.........#.#


You could see Robin, 2 hobgoblins, 3 goblins and a bat.

Vanquished Creatures
  Sigmund (D:3)
  Jessica (D:3)
  2 adders
  2 worms (D:2)
  5 dart slugs
  4 ball pythons
  7 endoplasms
  A giant cockroach (D:1)
  14 goblins
  6 hobgoblins
  2 quokkas
  6 bats
  4 frilled lizards
  4 kobolds
  5 rats
64 creatures vanquished.

Notes
Turn   | Place    | Note
-------+----------+-------------------------------------------
     0 | D:1      | Hasart the Demigod Fighter began the quest for the Orb.
     0 | D:1      | Reached XP level 1. HP: 18/18 MP: 3/3
   374 | D:1      | Reached XP level 2. HP: 25/25 MP: 4/4
   849 | D:2      | Reached XP level 3. HP: 30/30 MP: 5/5
   937 | D:2      | Reached skill level 1 in Dodging
  1572 | D:3      | Reached XP level 4. HP: 38/38 MP: 6/6
  1886 | D:3      | Noticed Sigmund
  1898 | D:3      | Killed Sigmund
  1899 | D:3      | Reached XP level 5. HP: 15/45 MP: 3/7
  2112 | D:3      | Noticed Jessica
  2121 | D:3      | Gained mutation: You tend to lose your temper in combat.
                  | [potion of mutation]
  2121 | D:3      | Gained mutation: You are partially covered in iridescent
                  | scales. (AC +2) [potion of mutation]
  2121 | D:3      | Gained mutation: You have large cloven feet. [potion of
                  | mutation]
  2124 | D:3      | Killed Jessica
  2127 | D:3      | Lost mutation: You tend to lose your temper in combat.
                  | [potion of mutation]
  2127 | D:3      | Lost mutation: You are partially covered in iridescent
                  | scales. (AC +2) [potion of mutation]
  2127 | D:3      | Lost mutation: You have large cloven feet. [potion of
                  | mutation]
  2127 | D:3      | Gained mutation: You sometimes lose the ability to read
                  | scrolls when taking damage. [potion of mutation]
  2244 | D:3      | Noticed Robin
  2258 | D:3      | HP: 1/45 [hobgoblin[Robin] (4)]
  2259 | D:3      | Slain by Robin

Illustrated notes

Levels and vault maps discovered:
D:1:      giann_bridges, layout_loops_ring, minmay_misc_feat_cross,
          solitary_fountain, chequers_serial_rivers_micro_a
D:2:      minmay_door_path, layout_rooms
D:3:      kennysheep_the_goblin_king, layout_basic,
          nicolae_overflow_crystal_walls, uniq_jessica, uniq_robin, uniq_sigmund

Skill      XL: |  1  2  3  4  5 |
---------------+----------------+-----
Maces & Flails | 2 3 |  3.6
Fighting       | 3 |  3.5
Armour         | 3 |  3.4
Dodging        | 1 2 |  2.0
Shields        | 3 |  3.4

Action                   |  1- 3 |  4- 6 || total
-------------------------+-------+-------++-------
Melee: Flail             |   146 |    80 ||   226
       Kick              |       |     2 ||     2
  Use: Potion            |       |     3 ||     3
Armor: Scale mail        |    86 |    59 ||   145
Dodge: Dodged            |    66 |    71 ||   137
Block: Buckler           |    21 |    26 ||    47
